AoeStats
← Matute3232

Arabia

510190913Analyzed
1v1 RM · 2d ago on Sep 29, 2026· 39m 46s· 2 players
Game mode
Random Map
Map size
Tiny (2 player)
Population
200
Speed
Normal
Resources
Standard
Victory
Conquest
Starting age
Dark Age
Ending age
Imperial Age
RankedLock teamsTeams togetherTeam positionsShared explorationLock speedFull tech treeHidden civsTurbo modeCheats
Victory
Defeat
🇺🇸 Magyars · United States
1393
+13
🇦🇷 Slavs · Argentina
1337
-13
Dazzle
6:16 Loom
9:23 Feudal Age
9:51 Double-Bit Axe
9:53 Horse Collar
21:48 Castle Age
20:09 Fletching
20:28 Gold Mining
21:37 Padded Archer Armor
21:51 Bloodlines
22:58 Bow Saw
23:07 Bodkin Arrow
25:11 Heavy Plow
25:25 Town Watch
28:19 Scale Barding Armor
27:53 Light Cavalry
29:17 Husbandry
30:18 Ballistics
34:41 Imperial Age
32:55 Leather Archer Armor
33:29 Thumb Ring
35:30 Bracer
38:41 Recurve Bow
Matute3232
2:56 Loom
6:17 Loom
8:47 Feudal Age
9:31 Double-Bit Axe
11:41 Horse Collar
19:49 Castle Age
18:40 Forging
19:06 Gold Mining
20:11 Scale Mail Armor
19:53 Pikeman
21:18 Squires
22:37 Iron Casting
25:41 Bow Saw
26:05 Chain Mail Armor
30:16 Wheelbarrow
33:41 Ballistics
33:39 Hand Cart
35:27 Heavy Plow
38:12 Imperial Age
36:23 Scale Barding Armor
37:26 Husbandry
37:37 Bloodlines
39:17 Conscription
40:18 Chain Barding Armor
40:59 Blast Furnace
Connection lost

Rejoining the realm…

Still unreachable

The connection could not be restored.

Session expired

The server has moved on; the page needs a fresh start.